 Dungeon Crawl Stone Soup version 0.21-a0-344-g2144152 (webtiles) character file.

271 tidbits the Charmwright (level 6, 50/50 HPs)
             Began as a Gnoll Skald on Oct 4, 2017.
             Quit the game on level 4 of the Dungeon.
             The game lasted 00:07:04 (1279 turns).

tidbits the Charmwright (Gnoll Skald)               Turns: 1279, Time: 00:07:05

Health: 50/50      AC:  5    Str: 14    XL:     6   Next: 23%
Magic:  13/13      EV: 15    Int: 17    God:
Gold:   50         SH:  0    Dex: 18    Spells: 4/15 levels left

rFire    . . .     SeeInvis .   a - +0 hand axe
rCold    + . .     Gourm    .   (no shield)
rNeg     . . .     Faith    .   B - +2 robe {rC+}
rPois    .         Spirit   .   E - +0 helmet
rElec    .         Reflect  .   (no cloak)
rCorr    .         Harm     .   (no gloves)
MR       .....                  (no boots)
Stlth    ++........             (no amulet)
HPRegen  0.16/turn              X - +4 ring of dexterity
MPRegen  0.13/turn              (no ring)

@: no status effects
A: distributed training, fangs 1, strong nose
a: no special abilities


You were on level 4 of the Dungeon.
You were hungry.

You visited 2 branches of the dungeon, and saw 5 of its levels.

You collected 50 gold pieces.

Inventory:

Hand Weapons
 a - a +0 hand axe (weapon)
 j - a +0 halberd
 s - a +0 dagger of venom
   (You took it off a goblin on level 2 of the Dungeon)
 v - a +0 hunting sling
Missiles
 b - 11 sling bullets
 w - 11 stones (quivered)
Armour
 r - a +0 scale mail
 B - a +2 robe of cold resistance (worn)
   (You took it off Jessica on level 3 of the Dungeon)
 E - a +0 helmet (worn)
Jewellery
 X - a +4 ring of dexterity (left hand)
   (You found it on level 1 of the Dungeon)
Wands
 x - a wand of random effects (19/48)
Scrolls
 e - a scroll of teleportation {unknown}
 g - a scroll of amnesia {unknown}
 h - 3 scrolls of identify {unknown}
 o - a scroll of enchant weapon {unknown}
 q - a scroll of remove curse {unknown}
 t - a scroll of fear {unknown}
 u - a scroll of blinking {unknown}
 y - a scroll of fog {unknown}
 A - a scroll of random uselessness {unknown}
 C - a scroll of noise {unknown}
Potions
 i - 4 potions of degeneration {unknown}
 k - a potion of haste {unknown}
 n - a potion of heal wounds {unknown}
 p - 2 potions of curing {unknown}
Books
 c - a book of Battle

   Spells                             Type                      Level
   a - Infusion                       Charms                       1
   b - Shroud of Golubria             Charms/Translocation         2
   c - Song of Slaying                Charms                       2
   d - Spectral Weapon                Hexes/Charms                 3
   e - Regeneration                   Charms/Necromancy            3
Comestibles
 d - 5 bread rations
 f - 2 royal jellies
 l - a fruit
 m - 2 meat rations
 z - 2 chunks of flesh


   Skills:
 + Level 4.9 Fighting
 + Level 1.8 Short Blades
 + Level 1.8 Long Blades
 + Level 4.9 Axes
 + Level 1.8 Maces & Flails
 + Level 1.8 Polearms
 + Level 1.8 Staves
 + Level 1.8 Slings
 + Level 1.8 Bows
 + Level 1.8 Crossbows
 + Level 1.8 Throwing
 + Level 3.1 Armour
 + Level 4.9 Dodging
 + Level 1.8 Stealth
 + Level 1.8 Shields
 + Level 1.8 Unarmed Combat
 + Level 5.3 Spellcasting
 + Level 1.8 Conjurations
 + Level 1.8 Hexes
 + Level 6.8 Charms
 + Level 1.8 Summonings
 + Level 1.8 Necromancy
 + Level 1.8 Translocations
 + Level 1.8 Transmutations
 + Level 1.8 Fire Magic
 + Level 1.8 Ice Magic
 + Level 1.8 Air Magic
 + Level 1.8 Earth Magic
 + Level 1.8 Poison Magic
 + Level 1.8 Invocations
 + Level 1.8 Evocations


You had 4 spell levels left.
You knew the following spells:

 Your Spells              Type           Power        Failure   Level  Hunger
g - Shroud of Golubria    Chrm/Tloc      ###.......   3%          2    #......
i - Infusion              Chrm           ####         1%          1    None
r - Regeneration          Chrm/Necr      ###.......   7%          3    ##.....
s - Song of Slaying       Chrm           ####....     1%          2    #......
w - Spectral Weapon       Hex/Chrm       ###.....     7%          3    ##.....


Dungeon Overview and Level Annotations

Branches:
Dungeon (4/15)             Temple (1/1) D:4

Altars:
Ashenzari
Makhleb
Nemelex Xobeh
Okawaru
Qazlal
Ru
Sif Muna
Trog
Uskayaw
Wu Jian
Yredelemnul
Zin


Innate Abilities, Weirdness & Mutations

Your experience applies equally to all skills.
You have very sharp teeth.
Your uncanny sense of smell can sniff out nearby items.


Message History

Robin hits you with a dagger.
* * * LOW HITPOINT WARNING * * *
You hit Robin.
Robin is severely wounded.
The hobgoblin no longer looks unusually strong.
Your spectral weapon barely misses Robin.
Your spectral weapon hits the hobgoblin.
Robin barely misses you.
You hit Robin.
Robin is almost dead.
You barely miss the hobgoblin.
Your spectral weapon hits Robin.
You kill Robin!
Your spectral weapon hits the hobgoblin.
You kill the hobgoblin!
You swap places.
Items here: ))) † a club x3; a hobgoblin corpse You butcher the hobgoblin corpse.
z - 2 chunks of flesh (gained 1)
Things that are here:
a club x3
i - 4 brown potions (gained 1)
Items here: ))) [[ ††
y - a helmet Wear which item? (? for menu, Esc to quit)
You start putting on your armour.
You continue putting on your helmet.
Your spectral weapon fades away.
You continue putting on your helmet. x3
You finish putting on your +0 helmet.
Adjust (i)tems, (s)pells, or (a)bilities?
Adjust which item? (? for menu, Esc to quit)
y - a +0 helmet (worn)
Adjust to which letter? (? for menu, Esc to quit)
E - a +0 helmet (worn)
Casting: Spectral Weapon
Confirm with . or Enter, or press ? or * to list all spells.
Your skin crawls.
Found a scroll labeled CENUXK RIOCS.
Your skin is crawling a little less now.
y - a scroll labeled CENUXK RIOCS Your skin stops crawling.
Found an escape hatch in the ceiling.
There is an escape hatch in the ceiling here.
You open the door.
There is an open door here.
You open the door.
There is an open door here.
There is an open door here.
You open the door.
There is an open door here.
An adder skeleton comes into view.
The adder skeleton moves out of view.
Casting: Regeneration
Confirm with . or Enter, or press ? or * to list all spells.
You miscast Spectral Weapon.
You are very lightly contaminated with residual magic.
Casting: Spectral Weapon
Confirm with . or Enter, or press ? or * to list all spells.
You draw out your weapon's spirit!
You barely miss the adder skeleton.
Your spectral weapon hits the adder skeleton.
The adder skeleton bites you but does no damage.
You hit the adder skeleton.
The adder skeleton is moderately damaged.
Your spectral weapon hits the adder skeleton.
The adder skeleton closely misses you.
You hit the adder skeleton but do no damage.
The adder skeleton is severely damaged.
Your spectral weapon barely misses the adder skeleton.
The adder skeleton completely misses you.
The adder skeleton bites you.
You barely miss the adder skeleton.
The adder skeleton is severely damaged.
Your spectral weapon barely misses the adder skeleton.
The adder skeleton bites you.
You hit the adder skeleton.
You destroy the adder skeleton!
A giant cockroach comes into view.
A giant cockroach is nearby!
The giant cockroach barely misses you.
You hit the giant cockroach.
You kill the giant cockroach!
You see here a giant cockroach corpse.
Your spectral weapon fades away.
You open the door.
Your magical contamination has completely faded away.
There is an open door here.
You are feeling hungry.
Found 18 bolts and a scroll labeled QYIFOE JET HOO.
A - a scroll labeled QYIFOE JET HOO You open the door.
Found a scroll labeled COFFAKHI CELAX.
Found an escape hatch in the floor.
There is an open door here.
There is an escape hatch in the floor here.
C - a scroll labeled COFFAKHI CELAX You open the door.
There is an open door here.
You open the door.
There is an open door here.
Are you sure you want to abandon this character and quit the game? (Confirm with "yes".)

### #.# #.# #@#
#.#
######'#######
#.............
#.............
#.............
######'#######
.######........
........#######


There were no monsters in sight!

Vanquished Creatures
  A phantom (D:4)
  A hound (D:4)
  Jessica (D:3)
  2 worker ants (D:4)
  Robin (D:4)
  A gnoll (D:1)
  An adder skeleton (D:4)
  A worm (D:2)
  A dart slug (D:3)
  A leopard gecko (D:3)
  An orc (D:4)
  3 giant cockroaches
  9 hobgoblins
  6 kobolds
  7 bats
  3 frilled lizards
  16 goblins
  4 rats
60 creatures vanquished.

Vanquished Creatures (others)
  A spectral weapon (D:4)
1 creature vanquished.

Grand Total: 61 creatures vanquished

Notes
Turn   | Place    | Note
-------+----------+-------------------------------------------
     0 | D:1      | tidbits the Gnoll Skald began the quest for the Orb.
     0 | D:1      | Reached XP level 1. HP: 20/20 MP: 6/6
    95 | D:2      | Reached XP level 2. HP: 26/26 MP: 3/7
    99 | D:2      | Learned a level 2 spell: Song of Slaying
   102 | D:2      | Learned a level 2 spell: Shroud of Golubria
   185 | D:1      | Reached XP level 3. HP: 18/31 MP: 0/9
   196 | D:1      | Learned a level 3 spell: Regeneration
   200 | D:1      | Learned a level 3 spell: Spectral Weapon
   280 | D:1      | Reached skill level 5 in Spellcasting
   520 | D:2      | Found an iron altar of Okawaru.
   585 | D:2      | Found a sparkling altar of Nemelex Xobeh.
   759 | D:3      | Noticed Jessica
   790 | D:3      | Killed Jessica
   790 | D:3      | Reached skill level 1 in Short Blades
   790 | D:3      | Reached skill level 1 in Long Blades
   790 | D:3      | Reached skill level 1 in Maces & Flails
   790 | D:3      | Reached skill level 1 in Polearms
   790 | D:3      | Reached skill level 1 in Staves
   790 | D:3      | Reached skill level 1 in Slings
   790 | D:3      | Reached skill level 1 in Bows
   790 | D:3      | Reached skill level 1 in Crossbows
   790 | D:3      | Reached skill level 1 in Throwing
   790 | D:3      | Reached skill level 1 in Stealth
   790 | D:3      | Reached skill level 1 in Shields
   790 | D:3      | Reached skill level 1 in Unarmed Combat
   790 | D:3      | Reached skill level 1 in Conjurations
   790 | D:3      | Reached skill level 1 in Hexes
   790 | D:3      | Reached skill level 1 in Summonings
   790 | D:3      | Reached skill level 1 in Necromancy
   790 | D:3      | Reached skill level 1 in Translocations
   790 | D:3      | Reached skill level 1 in Transmutations
   790 | D:3      | Reached skill level 1 in Fire Magic
   790 | D:3      | Reached skill level 1 in Ice Magic
   790 | D:3      | Reached skill level 1 in Air Magic
   790 | D:3      | Reached skill level 1 in Earth Magic
   790 | D:3      | Reached skill level 1 in Poison Magic
   790 | D:3      | Reached skill level 1 in Invocations
   790 | D:3      | Reached skill level 1 in Evocations
   790 | D:3      | Reached XP level 4. HP: 32/38 MP: 1/11
  1000 | D:4      | Noticed a phantom
  1055 | D:4      | Reached XP level 5. HP: 40/43 MP: 4/12
  1073 | D:4      | Killed a phantom
  1073 | D:4      | Reached skill level 3 in Armour
  1080 | D:4      | Found a staircase to the Ecumenical Temple.
  1091 | Temple   | Entered the Ecumenical Temple
  1129 | D:4      | Reached XP level 6. HP: 50/50 MP: 8/13
  1139 | D:4      | Noticed Robin
  1152 | D:4      | Killed Robin
  1279 | D:4      | Quit the game

Vault maps used:
D:1:      shiori_arrival_maze
D:2:      okawaru_gym_becter, nemelex_xobeh_ov_fountains_minmay, first_bread
D:3:      kennysheep_slug_shrine, uniq_jessica
D:4:      nicolae_gozag_seed_capital, temple_statues, uniq_robin
Temple:   eino_temple_lava

Skill      XL: |  1  2  3  4  5 |
---------------+----------------+-----
Spellcasting   | 5 |  5.3
Short Blades   | 1 |  1.8
Long Blades    | 1 |  1.8
Maces & Flails | 1 |  1.8
Polearms       | 1 |  1.8
Staves         | 1 |  1.8
Slings         | 1 |  1.8
Bows           | 1 |  1.8
Crossbows      | 1 |  1.8
Throwing       | 1 |  1.8
Stealth        | 1 |  1.8
Shields        | 1 |  1.8
Unarmed Combat | 1 |  1.8
Conjurations   | 1 |  1.8
Hexes          | 1 |  1.8
Summonings     | 1 |  1.8
Necromancy     | 1 |  1.8
Translocations | 1 |  1.8
Transmutations | 1 |  1.8
Fire Magic     | 1 |  1.8
Ice Magic      | 1 |  1.8
Air Magic      | 1 |  1.8
Earth Magic    | 1 |  1.8
Poison Magic   | 1 |  1.8
Invocations    | 1 |  1.8
Evocations     | 1 |  1.8
Armour         | 3 |  3.1
Fighting       | |  4.9
Axes           | |  4.9
Dodging        | |  4.9
Charms         | |  6.8

Action                   |  1- 3 |  4- 6 || total
-------------------------+-------+-------++-------
Melee: Hand axe          |    64 |    46 ||   110
       Bite              |     6 |     5 ||    11
 Cast: Infusion          |    10 |       ||    10
       Shroud of Golubri |     1 |       ||     1
       Spectral Weapon   |     4 |    10 ||    14
       Regeneration      |       |     2 ||     2
 Stab: Sleeping          |     3 |       ||     3
  Eat: Chunk             |       |     2 ||     2
Armor: Leather armour    |    23 |     2 ||    25
       Robe              |       |     7 ||     7
Dodge: Dodged            |    57 |    29 ||    86

Table legend:
 A = Spawn XP
 B = Non-spawn XP
 C = Spawn XP percentage of total XP
 D = Spawn monster count
 E = Non-spawn monster count
 F = Spawn count percentage of total count
 G = Total turns spent on level
                    A         B        C        D         E        F      G
               +---------+---------+-------+---------+---------+-------+---------
         Total |       0 |     388 |   0.0 |       0 |      60 |   0.0 |  1279
               +---------+---------+-------+---------+---------+-------+---------
           D:1 |       0 |      31 |   0.0 |       0 |      15 |   0.0 |   368
           D:2 |       0 |      34 |   0.0 |       0 |      18 |   0.0 |   342
           D:3 |       0 |      50 |   0.0 |       0 |       7 |   0.0 |   258
           D:4 |       0 |     273 |   0.0 |       0 |      20 |   0.0 |   281
               +---------+---------+-------+---------+---------+-------+---------

Table legend:
 A = Turns spent in this place as a percentage of turns spent in the entire game.
 B = Non-inter-level travel turns spent in this place as a percentage of non-inter-level travel turns spent in the entire game.
 C = Inter-level travel turns spent in this place as a percentage of turns spent in this place.
 D = Turns resting spent in this place as a percentage of non-inter-level travel turns spent in this place.
 E = Turns spent auto-exploring this place as a percentage of non-inter-level travel turns spent in this place.
 F = Non-inter-level travel turns spent in this place divided by the number of levels of this place that you've seen.
                   A       B       C       D       E      F
               +-------+-------+-------+-------+-------+----------------------
         Total | 100.0 | 100.0 |   3.4 |   0.0 |   0.0 | 247.0
       Dungeon |  97.7 |  97.6 |   3.5 |   0.0 |   0.0 | 301.2
        Temple |   2.3 |   2.4 |   0.0 |   0.0 |   0.0 |  30.0
               +-------+-------+-------+-------+-------+----------------------

Table legend:
 A = Kills in this place as a percentage of kills in entire the game.
 B = Kills by you in this place as a percentage of kills by you in the entire game.
 C = Kills by friends in this place as a percentage of kills by friends in the entire game.
 D = Other kills in this place as a percentage of other kills in the entire game.
 E = Experience gained in this place as a percentage of experience gained in the entire game.
 F = Experience gained in this place divided by the number of levels of this place that you have seen.
                   A       B       C       D       E      F
               +-------+-------+-------+-------+-------+----------------------
         Total | 100.0 | 100.0 |   N/A |   N/A | 100.0 |  77.6
       Dungeon | 100.0 | 100.0 |   N/A |   N/A | 100.0 |  97.0
               +-------+-------+-------+-------+-------+----------------------

Vault maps used:
D:1:      shiori_arrival_maze
D:2:      okawaru_gym_becter, nemelex_xobeh_ov_fountains_minmay, first_bread
D:3:      kennysheep_slug_shrine, uniq_jessica
D:4:      nicolae_gozag_seed_capital, temple_statues, uniq_robin
Temple:   eino_temple_lava
